 Dungeon Crawl Stone Soup version 0.23-a0-4-g8f018a2 (webtiles) character file.

506 Gorglomux the Skirmisher (level 7, 0/44 HPs)
             Began as a Gargoyle Fighter on July 14, 2018.
             Slain by an orc priest (3 damage)
             ... on level 5 of the Dungeon on July 31, 2018.
             The game lasted 00:03:21 (2922 turns).

Gorglomux the Skirmisher (Gargoyle Fighter)         Turns: 2922, Time: 00:03:21

Health: 0/44       AC: 15    Str: 18 (21) XL:     7   Next: 18%
Magic:  7/7        EV:  3    Int:  6 (9)  God:
Gold:   211        SH:  9    Dex:  7 (9)  Spells: 6/6 levels left

rFire    . . .     SeeInvis .   a - +0 war axe
rCold    . . .     Gourm    .   c - +0 shield
rNeg     + . .     Faith    +   s - +0 plate armour
rPois    ∞         Spirit   .   (no helmet)
rElec    +         Reflect  .   (no cloak)
rCorr    .         Harm     .   k - +1 pair of gloves
MR       .....                  (no boots)
Stlth    ..........             C - amulet of faith
HPRegen  0.14/turn              (no ring)
MPRegen  0.10/turn              (no ring)

@: corroded
A: negative energy resistance 1, electricity resistance, unbreathing,
petrification resistance, rot immunity, AC +4
a: no special abilities


You were on level 5 of the Dungeon.
You were not hungry.

You visited 1 branch of the dungeon, and saw 5 of its levels.

You collected 211 gold pieces.

Inventory:

Hand Weapons
 a - a +0 war axe (weapon)
Armour
 c - a +0 shield (worn)
 k - a +1 pair of gloves (worn)
 s - a +0 plate armour (worn)
Jewellery
 C - an amulet of faith (around neck)
Scrolls
 h - 3 scrolls of teleportation {unknown}
 j - 4 scrolls of identify {unknown}
 l - 2 scrolls of remove curse {unknown}
 o - 2 scrolls of fog {unknown}
 u - a scroll of enchant weapon {unknown}
 v - a scroll of enchant armour {unknown}
 y - a scroll of magic mapping {unknown}
Potions
 d - a potion of might
 i - a potion of curing {unknown}
 m - 3 potions of degeneration
 n - 2 potions of heal wounds {unknown}
 q - a potion of invisibility {unknown}
 r - a potion of mutation {unknown}
 t - a potion of haste {unknown}
 x - a potion of berserk rage {unknown}
 z - a potion of flight {unknown}
 A - a potion of lignification {unknown}
 B - a potion of resistance {unknown}
Comestibles
 f - 13 rations


   Skills:
 + Level 5.2 Fighting
 + Level 3.6 Axes
 + Level 5.1 Armour
 + Level 5.2 Shields


You had 6 spell levels left.
You didn't know any spells.
Your spell library was empty.

Dungeon Overview and Level Annotations

Branches:
Dungeon (5/15)
 Temple: D:4-7

Altars:
Hepliaklqana
Ru

Shops:
D:4 }

Annotations:
D:4 1 exclusion, Blork the orc


Innate Abilities, Weirdness & Mutations

You are resistant to torment.
Your stone body is resilient. (AC +4)
You are immune to poison.
You resist negative energy. (rN+)
You are resistant to electric shocks. (rElec)
You can survive without breathing.
You are immune to petrification.
You are immune to rotting.


Message History

The orc priest is severely wounded!
You slice the jelly like a ripe choko!!!
You annihilate the jelly!!!
You miss the adder! You block the adder's attack!
The orc priest completely misses you! The adder bites you but does no damage!
You block the orc priest's attack!
The orc priest butts down the wrath of Beogh upon you!
Beogh smites butt!!!
Your plate armour prevents you from butt the orc priest!
The orc priest is severely wounded!
You slice the adder but do no damage! The adder bites you!
The orc priest calls down the wrath of Beogh upon you!
Beogh smites you!!! * * * don't die
* * * You block the adder's attack!
It butts a potion of degeneration!
There was something butt wrong with that liquid!
You feel butt!
You butt dopey!
You feel clumsy! You block the adder's attack! The orc priest hits you! rip

.... ...........
...... ...........
...... ...........
......##..........
.......#..J.>...#
.......o.......#
##....#S#.....# .
.....ho@..#..# .#
.#.#####.....#.####
#.#.........
####.<..#####..
#......## ######<.#
#..# #.... .......


You could see a hound, 2 orc priests and an adder.

Vanquished Creatures
  A phantom (D:4)
  A jelly (D:5)
  3 orc wizards
  3 worker ants (D:4)
  A hound skeleton (D:4)
  4 gnolls
  9 adders
  4 oozes
  A dart slug (D:3)
  2 worms
  A leopard gecko (D:4)
  11 orcs
  3 ball pythons
  8 bats
  2 giant cockroaches (D:1)
  8 goblins
  4 hobgoblins
  4 jackals (D:4)
  6 kobolds
  A quokka (D:3)
  3 frilled lizards
  10 rats
90 creatures vanquished.

Notes
Turn   | Place    | Note
-------+----------+-------------------------------------------
     0 | D:1      | Gorglomux the Gargoyle Fighter began the quest for the Orb.
     0 | D:1      | Reached XP level 1. HP: 14/14 MP: 1/1
     0 | D:1      | Upgraded the game from 0.22-a0-619-ga0c6fd2 to 0.23-a0-4-g8f018a2
   171 | D:1      | Reached XP level 2. HP: 19/19 MP: 2/2
   319 | D:1      | Reached XP level 3. HP: 22/23 MP: 3/3
   819 | D:2      | Reached XP level 4. HP: 23/29 MP: 4/4
  1433 | D:2      | Found a hazy altar of Hepliaklqana.
  1576 | D:3      | Reached XP level 5. HP: 33/33 MP: 5/5
  1796 | D:3      | Reached skill level 3 in Axes
  2029 | D:3      | Found a sacrificial altar of Ru.
  2200 | D:4      | Noticed a phantom
  2235 | D:4      | Killed a phantom
  2235 | D:4      | Reached XP level 6. HP: 40/40 MP: 6/6
  2266 | D:4      | Noticed Blork the orc
  2631 | D:4      | Reached XP level 7. HP: 37/44 MP: 7/7
  2688 | D:4      | Found Plog's Gadget Boutique.
  2904 | D:5      | Entered Level 5 of the Dungeon
  2922 | D:5      | Slain by an orc priest

Vault maps used:
D:1:      onia_arrival_mini_maze
D:2:      nicolae_overflow_hidden_temple, first_ration
D:3:      nicolae_ru_path_of_blood
D:4:      tgw_sif, serial_shops, nicolae_shop_trees
D:5:      lemuel_doored_altar, minmay_temple_entry_nine_rooms, serial_shops,
          nicolae_shop_statue_plus, uniq_duvessa

Skill      XL: |  1  2  3  4  5  6 |
---------------+-------------------+-----
Axes           | 2 3 |  3.6
Fighting       | 4 5 |  5.2
Armour         | 4 5 |  5.1
Shields        | 4 5 |  5.2

Action                   |  1- 3 |  4- 6 |  7- 9 || total
-------------------------+-------+-------+-------++-------
Melee: War axe           |    76 |   258 |    19 ||   353
  Use: Potion            |       |       |     1 ||     1
  Eat: Chunk             |       |     6 |     1 ||     7
Armor: Scale mail        |    39 |    17 |       ||    56
       Plate armour      |       |   175 |    25 ||   200
Dodge: Dodged            |    34 |    54 |     3 ||    91
Block: Shield            |    45 |   160 |    23 ||   228

Table legend:
 A = Spawn XP
 B = Non-spawn XP
 C = Spawn XP percentage of total XP
 D = Spawn monster count
 E = Non-spawn monster count
 F = Spawn count percentage of total count
 G = Total turns spent on level
                    A         B        C        D         E        F      G
               +---------+---------+-------+---------+---------+-------+---------
         Total |       0 |     723 |   0.0 |       0 |      90 |   0.0 |  2922
               +---------+---------+-------+---------+---------+-------+---------
           D:1 |       0 |      55 |   0.0 |       0 |      24 |   0.0 |   806
           D:2 |       0 |      76 |   0.0 |       0 |      16 |   0.0 |   704
           D:3 |       0 |     170 |   0.0 |       0 |      25 |   0.0 |   643
           D:4 |       0 |     375 |   0.0 |       0 |      23 |   0.0 |   751
           D:5 |       0 |      47 |   0.0 |       0 |       2 |   0.0 |    18
               +---------+---------+-------+---------+---------+-------+---------
